 Dungeon Crawl Stone Soup version 0.30-a0-652-gcc886f7154 (webtiles) character file.

Game seed: 3084929600829005944

6874 Armakuni the Carver (level 11, -2/85 HPs)
             Began as a Human Wanderer on Jan 15, 2023.
             Was an Initiate of Gozag.
             Slain by a tengu warrior
             ... wielding a +0 war axe
              (10 damage)
             ... on level 8 of the Dungeon on Jan 17, 2023.
             The game lasted 00:21:15 (8746 turns).

Armakuni the Carver (Human Wanderer)                Turns: 8746, Time: 00:21:15

Health: -2/85      AC: 19    Str: 25    XL:     11   Next: 26%
Magic:  11/11      EV: 14    Int:  8    God:    Gozag
Gold:   1343       SH:  0    Dex: 19    Spells: 10/10 levels left

rFire   . . .      SeeInvis .    a - +0 scimitar (vamp)
rCold   . . .      Faith    .    (no shield)
rNeg    . . .      Spirit   .    w - +5 plate armour "Girghosu" {Dex+2}
rPois   .          Reflect  .    (no helmet)
rElec   .          Harm     .    r - scarf {repulsion}
rCorr   .          Rampage  .    d - +0 pair of gloves
Will    .....                    x - +0 pair of boots Stlth
                                 (no amulet)
HPRegen 0.34/turn                E - +5 ring of evasion
MPRegen 0.12/turn                V - +6 ring of strength

@: repel missiles
A: talons 1, strong 1, wild magic 1
a: Renounce Religion, Potion Petition, Call Merchant, Bribe Branch


You were on level 8 of the Dungeon.
You worshipped Gozag.
Gozag was most pleased with you.
You visited 2 branches of the dungeon, and saw 10 of its levels.
You also visited: Bailey.

You collected 1909 gold pieces.
You paid 566 gold pieces to Gozag.

Inventory:

Hand Weapons
 a - a +0 vampiric scimitar (weapon)
Missiles
 b - 8 curare-tipped darts (quivered)
 j - 18 boomerangs
Armour
 d - a +0 pair of gloves (worn)
 r - a scarf of repulsion (worn)
 t - a +0 buckler
 w - the +5 plate armour "Girghosu" (worn) {Dex+2}
   (You found it on level 6 of the Dungeon)

   Dex:       It affects your dexterity (+2).
 x - a +0 pair of boots (worn)
Magical Staves
 h - a staff of fire
Jewellery
 n - a +4 ring of slaying
 E - a +5 ring of evasion (left hand)
 L - a ring of flight
 V - a +6 ring of strength (right hand)
Wands
 e - a wand of mindburst (4)
 k - a wand of digging (3)
 p - a wand of polymorph (12)
 v - a wand of flame (41)
Scrolls
 c - 4 scrolls of teleportation
 g - 4 scrolls of blinking
 m - a scroll of noise
 o - a scroll of enchant armour
 s - 2 scrolls of fear
 u - a scroll of immolation
Potions
 f - 5 potions of curing
 i - 3 potions of flight
 l - a potion of lignification
 q - a potion of attraction {unknown}


   Skills:
 - Level 7.7 Fighting
 + Level 13.6 Long Blades
 - Level 2.0 Polearms
 - Level 5.0 Armour
 - Level 5.0 Dodging


You had 10 spell levels left.
You didn't know any spells.
Your spell library contained the following spells:

 Spells                   Type           Power      Damage    Failure   Level
 Ensorcelled Hibernation  Hex/Ice        0%         N/A       100%        2
 Passwall                 Tmut/Erth      0%         N/A       100%        2
 Sublimation of Blood     Necr           0%         N/A       100%        2
 Swiftness                Air            0%         N/A       100%        3
 Leda's Liquefaction      Hex/Erth       0%         N/A       100%        4
 Lee's Rapid Deconstruct  Erth           0%         3d4*      100%        5
 Statue Form              Tmut/Erth      0%         N/A       100%        6
 Animate Dead             Necr           Unusable   N/A       N/A         4

Dungeon Overview and Level Annotations

Branches:
Dungeon (9/15)             Temple (1/1) D:5          Bailey (visited)
   Lair: D:8-11         Orc: D:9-12

Altars:
Ashenzari
Cheibriados
Elyvilon
Fedhas
Gozag
Hepliaklqana
Makhleb
Nemelex Xobeh
Okawaru
Qazlal
Ru
Sif Muna
Trog
Uskayaw
Vehumet
Xom
Yredelemnul
Zin

Shops:
D:8 :

Annotations:
D:4 2 transporters, caveywoolpert's ghost, amateur DsEE
D:6 1 runed translucent door, NokRude's ghost, amateur DsMo


Innate Abilities, Weirdness & Mutations

You have sharp toenails.
Your muscles are strong. (Str +4, Int/Dex -1)
Your spells are a little harder to cast, but a little more powerful.


Message History

You hit the tengu warrior but do no damage.
The tengu warrior is heavily wounded.
You miss the tengu warrior.
The tengu warrior is heavily wounded.
The tengu warrior hits you with a +0 war axe.
* * * LOW HITPOINT WARNING * * *
The tengu warrior pecks you but does no damage.
The tengu warrior claws you.
* * * LOW HITPOINT WARNING * * *
You slash the tengu warrior!
You feel better.
The tengu warrior is heavily wounded.
The tengu warrior closely misses you.
The tengu warrior pecks you but does no damage.
The tengu warrior barely misses you.
You hit the tengu warrior.
The tengu warrior is severely wounded.
The tengu warrior hits you with a +0 war axe.
* * * LOW HITPOINT WARNING * * *
The tengu warrior barely misses you. The tengu warrior claws you.
* * * LOW HITPOINT WARNING * * *
You closely miss the tengu warrior.
The tengu warrior is severely wounded.
The tengu warrior blocks your attack.
The tengu warrior is severely wounded.
The tengu warrior hits you but does no damage.
The tengu warrior pecks you.
* * * LOW HITPOINT WARNING * * *
The tengu warrior barely misses you. The tengu warrior blocks your attack.
The tengu warrior is severely wounded.
The tengu warrior barely misses you.
The tengu warrior pecks you but does no damage.
The tengu warrior claws you but does no damage.
You miss the tengu warrior.
The tengu warrior is severely wounded.
The tengu warrior blocks your attack.
The tengu warrior is severely wounded.
The tengu warrior hits you with a +0 war axe!
You die...
Your body crumbles into a pile of gold.

####.##..##..##..............##[)
...#.....'...................##.<
...#.....#...##.....##.......#...
..##..##.##..#########.......#...
####..##.##..##......#.......#...
#.................#.......#...
#.........##.....##..##...####
#......[..####)####..##...####
#.###.##+###.@Q...#..........'
#####.##..##......#..........#
#..............##..####...##
#..............##..####...##
##..########'####.....#.....
#####..###....##.>...#.....
#.................#.....
#(.........#########....
#....##....# #####


You could see a tengu warrior.

Vanquished Creatures
  2 two-headed ogres (D:8)
  Joseph (D:7)
  A hornet (D:7)
  A yak (D:7)
  2 steam dragons (D:7)
  A vampire mosquito (D:8)
  A water moccasin (D:5)
  2 black bears
  2 sky beasts
  9 orc warriors
  4 ice beasts
  2 ogres
  A centaur (D:8)
  6 kobold brigands (Bailey)
  5 bullfrogs
  4 scorpions
  10 wights (D:8)
  3 howler monkeys (D:8)
  3 gnoll boudas
  Crazy Yiuf (D:7)
  7 hounds
  A jelly (D:4)
  5 orc priests
  3 iguanas
  Natasha (thrice) (D:2)
  7 orc wizards
  10 gnolls
  8 adders
  A shadow imp (D:7)
  A white imp (D:7)
  3 ufetubi (D:4)
  2 worms
  2 dart slugs
  20 orcs
  3 bats
  7 endoplasms
  3 giant cockroaches (D:1)
  11 goblins
  5 hobgoblins
  4 jackals (D:2)
  15 kobolds
  4 quokkas
  5 ball pythons
  2 frilled lizards (D:2)
  5 rats
198 creatures vanquished.

Vanquished Creatures (others)
  2 withered plants (D:6)
2 creatures vanquished.

Grand Total: 200 creatures vanquished

Notes
Turn   | Place    | Note
-------+----------+-------------------------------------------
     0 | D:1      | Armakuni the Human Wanderer began the quest for the Orb.
     0 | D:1      | Armakuni set off with the following items: a +3 spear, a +0
                  | pair of gloves, a scroll of teleportation, a +0 leather
                  | armour.
     0 | D:1      | Reached XP level 1. HP: 19/19 MP: 1/1
     3 | D:1      | Noticed an electric eel
     3 | D:1      | Noticed an electric eel
    64 | D:1      | Found a faded altar of an unknown god.
   157 | D:1      | Reached XP level 2. HP: 23/26 MP: 2/2
   649 | D:1      | Reached XP level 3. HP: 32/32 MP: 3/3
   750 | D:2      | Reached skill level 5 in Fighting
   827 | D:2      | Noticed Natasha
   843 | D:2      | Killed Natasha
   844 | D:2      | Reached XP level 4. HP: 28/39 MP: 4/4
  1044 | D:2      | Noticed Natasha
  1057 | D:2      | Killed Natasha
  1058 | D:2      | Reached XP level 5. HP: 33/46 MP: 5/5
  1170 | D:2      | Noticed Natasha
  1179 | D:2      | Killed Natasha
  2057 | D:3      | Found an iron altar of Okawaru.
  2505 | D:4      | Reached XP level 6. HP: 47/53 MP: 6/6
  2603 | D:4      | Found a transporter.
  2605 | D:4      | Noticed caveywoolpert's ghost (amateur DsEE)
  3430 | D:4      | Noticed a black bear
  3453 | D:4      | Killed a black bear
  3454 | D:4      | Reached XP level 7. HP: 24/60 MP: 7/7
  3688 | D:4      | Found a transporter.
  3761 | D:5      | Entered Level 5 of the Dungeon
  3773 | D:5      | Noticed a water moccasin
  3793 | D:4      | HP: 3/60 [poisoned by a water moccasin]
  4057 | D:5      | Killed a water moccasin
  4190 | D:5      | Reached XP level 8. HP: 62/67 MP: 8/8
  4513 | D:5      | Found a staircase to the Ecumenical Temple.
  4523 | D:5      | Reached skill level 5 in Armour
  4523 | D:5      | Reached skill level 5 in Dodging
  4527 | Temple   | Entered the Ecumenical Temple
  4527 | Temple   | Found a transporter.
  4527 | Temple   | Found a transporter.
  4571 | Temple   | Found a transporter.
  4571 | Temple   | Found a transporter.
  4600 | Temple   | Upgraded the game from 0.30-a0-637-gacddeb6d44 to
                  | 0.30-a0-643-g638baaf3f0
  4600 | Temple   | Upgraded the game from 0.30-a0-643-g638baaf3f0 to
                  | 0.30-a0-652-gcc886f7154
  4607 | Temple   | Became a worshipper of Gozag Ym Sagoz the Greedy
  4827 | D:6      | Reached skill level 1 in Long Blades
  4847 | D:6      | Reached skill level 2 in Long Blades
  4880 | D:6      | Identified the +5 plate armour "Girghosu" {Dex+2}
  5041 | D:6      | Reached skill level 3 in Long Blades
  5107 | D:6      | Found a runed translucent door.
  5109 | D:6      | Noticed NokRude's ghost (amateur DsMo)
  5175 | D:6      | Reached skill level 4 in Long Blades
  5175 | D:6      | Reached XP level 9. HP: 52/73 MP: 9/9
  5361 | D:6      | Reached skill level 5 in Long Blades
  5944 | D:7      | Reached skill level 6 in Long Blades
  6208 | D:7      | Reached skill level 7 in Long Blades
  6287 | D:7      | Reached skill level 8 in Long Blades
  6403 | D:7      | Found a snail-covered altar of Cheibriados.
  6480 | D:7      | Noticed Joseph
  6489 | D:7      | Gained mutation: Your muscles are strong. (Str +4, Int/Dex
                  | -1) [potion of mutation]
  6489 | D:7      | Gained mutation: You have hidden genetic potential. [potion
                  | of mutation]
  6555 | D:7      | Killed Joseph
  6564 | D:7      | Reached skill level 9 in Long Blades
  6564 | D:7      | Reached XP level 10. HP: 48/80 MP: 10/10
  6870 | D:7      | Found a runed translucent door.
  6871 | D:7      | Noticed Crazy Yiuf
  6880 | D:7      | Killed Crazy Yiuf
  7022 | D:7      | Reached skill level 10 in Long Blades
  7324 | D:8      | Found a flagged portal.
  7330 | Bailey   | Entered a bailey
  7388 | Bailey   | Gained mutation: You have sharp toenails. [hidden
                  | potential]
  7435 | Bailey   | Reached skill level 11 in Long Blades
  7575 | Bailey   | Found an iron altar of Okawaru.
  7644 | Bailey   | Got the Monograph on Vile Changing
  7868 | D:8      | Reached skill level 12 in Long Blades
  7896 | D:8      | Noticed a two-headed ogre
  7912 | D:8      | Killed a two-headed ogre
  7913 | D:8      | Reached XP level 11. HP: 60/85 MP: 11/11
  8107 | D:8      | Noticed a two-headed ogre
  8116 | D:8      | Killed a two-headed ogre
  8117 | D:8      | Reached skill level 13 in Long Blades
  8275 | D:8      | Gained mutation: Your spells are a little harder to cast,
                  | but a little more powerful. [hidden potential]
  8275 | D:8      | Lost mutation: You have hidden genetic potential. [hidden
                  | potential expressed]
  8379 | D:8      | Found a radiant altar of Vehumet.
  8696 | D:9      | Noticed a cyclops
  8697 | D:9      | Noticed a boulder beetle
  8698 | D:9      | Noticed a tengu warrior
  8746 | D:8      | Slain by a tengu warrior

Illustrated notes

Levels and vault maps discovered:
D:1:      arrival_aquarium_b, layout_basic, basic_ecumenical_altar
D:2:      layout_basic, minmay_3d_cube, uniq_natasha
D:3:      layout_basic, lemuel_crystal_altar
D:4:      layout_basic, gammafunk_ghost_mausoleum, kennysheep_minor_cross
D:5:      layout_basic, temple_green, hangedman_abyss_or_decor_stagger
D:6:      layout_basic, gammafunk_ghost_grave, kennysheep_generic_room_5
D:7:      layout_cave_pools, mainiacjoe_overflow_catwalk, minivault_25,
          amethyst_killhole, hangedman_minor_gate_pass, uniq_crazy_yiuf_cottage,
          uniq_joseph
D:8:      layout_gridville, mainiacjoe_overflow_surrounded_room, enter_bailey_3,
          minmay_fractal_squares_diagonal_5
D:9:      layout_grid_maze, erik_lair_island, ebering_ghost_gozag,
          serial_park_tiny_1, eino_small_chamber_without_monster, minivault_28
Temple:   hellmonk_temple_divided_pantheon

Skill      XL: |  1  2  3  4  5  6  7  8  9 10 11 |
---------------+----------------------------------+-----
Fighting       | 5 6 7 |  7.7
Armour         | 3 4 5 |  5.0
Dodging        | 3 4 5 |  5.0
Long Blades    | 4 9 12 13 | 13.6
Polearms       | |  2.0

Action                   |  1- 3 |  4- 6 |  7- 9 | 10-12 || total
-------------------------+-------+-------+-------+-------++-------
Melee: Spear             |    89 |   233 |   261 |       ||   583
       Punch             |     1 |     4 |     3 |     2 ||    10
       Long sword        |       |       |    87 |    81 ||   168
       Scimitar          |       |       |       |   289 ||   289
Throw: Dart              |       |       |       |     3 ||     3
Invok: Call Merchant     |       |       |       |     1 ||     1
Evoke: Wand              |       |       |     4 |     4 ||     8
  Use: Scroll            |     4 |     2 |     7 |     1 ||    14
       Potion            |       |       |    10 |     2 ||    12
 Stab: Sleeping          |     1 |       |       |       ||     1
       Distracted        |       |     1 |       |     2 ||     3
Armor: Leather armour    |    15 |    15 |       |       ||    30
       Scale mail        |       |    24 |       |       ||    24
       Chain mail        |       |    43 |    52 |       ||    95
       Plate armour      |       |       |    89 |   189 ||   278
       Skin              |       |       |    27 |       ||    27
Dodge: Dodged            |    47 |   167 |   200 |   339 ||   753
       Repelled          |       |       |     2 |     1 ||     3

Table legend: (Time is in decaauts)
 A = Elapsed time spent in this place.
 B = Non-inter-level travel time spent in this place.
 C = Inter-level travel time spent in this place.
 D = Time resting spent in this place.
 E = Time spent auto-exploring this place.
 F = Levels seen in this place.
 G = Mean time per level.
                   A        B        C        D        E       F      G
               +--------+--------+--------+--------+--------+-----+--------+
         Total |   8693 |   8413 |    280 |    537 |   5224 |  11 |  790.3 |
       Dungeon |   8194 |   7914 |    280 |    537 |   4958 |   9 |  910.4 |
        Temple |     99 |     99 |      0 |      0 |     49 |   1 |   99.0 |
        Bailey |    399 |    399 |      0 |      0 |    217 |   1 |  399.0 |
               +--------+--------+--------+--------+--------+-----+--------+

Top non-repeatable levels by time:
     D:4: 1481 daAuts
     D:7: 1243 daAuts
     D:2: 1224 daAuts
     D:6: 1075 daAuts
     D:8: 1028 daAuts
     D:5: 746 daAuts
     D:1: 698 daAuts
     D:3: 567 daAuts
  Bailey: 399 daAuts
     D:9: 129 daAuts
  Temple: 99 daAuts
